3A
GRAND FORKS CATERPILLARS @ BELLEVUE BRUINS
07/02/2032
 
TOP OF THE 1ST
Grand Forks Caterpillars batting - Pitching for Bellevue Bruins : RHP Aldo Raine
Pitching: RHP Aldo Raine
Batting: RHB Elwiin Stuy 0-0: Ground out 6-3 (Groundball, 6MS)
Batting: RHB Ralph Sands 0-0: Fly out, F8 (Flyball, 8RS)
Batting: LHB Robby Young 0-0: Ball
1-0: Ball
2-0: Fly out, F4 (Line Drive, 4)
Top of the 1st over - 0 runs, 0 hits, 0 errors, 0 left on base; Grand Forks 0 - Bellevue 0
BOTTOM OF THE 1ST
Bellevue Bruins batting - Pitching for Grand Forks Caterpillars : RHP Yodo Takano
Pitching: RHP Yodo Takano
Batting: RHB Félix Sánchez 0-0: Ball
1-0: Swinging Strike
1-1: Fly out, F6 (Popup, 4MD)
Batting: RHB Oki Hai 0-0: Ball
1-0: Foul Ball, location: 2F
1-1: Called Strike
1-2: Ball
2-2: Strikes out swinging
Batting: LHB Spencer Powell 0-0: Called Strike
0-1: Ground out U3 (Groundball, 3)
Bottom of the 1st over - 0 runs, 0 hits, 0 errors, 0 left on base; Grand Forks 0 - Bellevue 0
TOP OF THE 2ND
Grand Forks Caterpillars batting - Pitching for Bellevue Bruins : RHP Aldo Raine
Batting: LHB Mo-ruo Teoh 0-0: Called Strike
0-1: Called Strike
0-2: Ball
1-2: Fly out, F8 (Line Drive, 8LXD)
Batting: RHB José Ortíz 0-0: Ball
1-0: Fly out, F9 (Flyball, 89D)
Batting: RHB Lynwood Dimartínez 0-0: Foul Ball, location: 2F
0-1: Ball
1-1: Foul Ball, location: 2F
1-2: Strikes out swinging
Top of the 2nd over - 0 runs, 0 hits, 0 errors, 0 left on base; Grand Forks 0 - Bellevue 0
BOTTOM OF THE 2ND
Bellevue Bruins batting - Pitching for Grand Forks Caterpillars : RHP Yodo Takano
Batting: SHB Julián Valentín 0-0: Ball
1-0: Called Strike
1-1: Swinging Strike
1-2: Ball
2-2: Ball
3-2: Foul Ball, location: 2F
3-2: Base on Balls
Batting: RHB Ryan Faulkner 0-0: Ball
1-0: Called Strike
1-1: Ball
2-1: SINGLE (Groundball, 56D)
Julián Valentín to second
Batting: LHB José Vázquez 0-0: Called Strike
0-1: Ball
Wild Pitch!
Julián Valentín to third
Ryan Faulkner to second
1-1: Ground out 5-3 (Groundball, 5)
Batting: SHB Jin-yong Ch'oe 0-0: Ground out 4-3 (Groundball, 4S)
Julián Valentín scores
Ryan Faulkner to third
Batting: RHB Edgar Rogers 0-0: Ground out 5-3 (Groundball, 56S)
Bottom of the 2nd over - 1 run, 1 hit, 0 errors, 1 left on base; Grand Forks 0 - Bellevue 1
TOP OF THE 3RD
Grand Forks Caterpillars batting - Pitching for Bellevue Bruins : RHP Aldo Raine
Batting: RHB Patrick Pupovac 0-0: Foul Ball, location: 2F
0-1: Swinging Strike
0-2: Ball
1-2: Foul Ball, location: 2F
1-2: Foul Ball, location: 2F
1-2: Strikes out swinging
Batting: RHB Xiong Phan 0-0: Ball
1-0: Called Strike
1-1: Ball
2-1: Ball
3-1: Swinging Strike
3-2: Strikes out swinging
Batting: RHB Rio Clark 0-0: Foul Ball, location: 2F
0-1: Ball
1-1: Ball
2-1: Called Strike
2-2: Foul Ball, location: 2F
2-2: Strikes out looking
Top of the 3rd over - 0 runs, 0 hits, 0 errors, 0 left on base; Grand Forks 0 - Bellevue 1
BOTTOM OF THE 3RD
Bellevue Bruins batting - Pitching for Grand Forks Caterpillars : RHP Yodo Takano
Batting: RHB Mark Merry 0-0: Called Strike
0-1: Swinging Strike
0-2: Ball
1-2: Ball
2-2: SINGLE (Flyball, 8RS)
Batting: RHB Félix Sánchez 0-0: Called Strike
0-1: Called Strike
0-2: Ball
1-2: Foul Ball, location: 2F
1-2: Ball
2-2: Strikes out swinging
Batting: RHB Oki Hai 0-0: Ball
1-0: Called Strike
1-1: Called Strike
1-2: Foul Ball, location: 2F
1-2: Ball
2-2: Grounds into double play, 6-4-3 (Groundball, 56)
Bottom of the 3rd over - 0 runs, 1 hit, 0 errors, 0 left on base; Grand Forks 0 - Bellevue 1
TOP OF THE 4TH
Grand Forks Caterpillars batting - Pitching for Bellevue Bruins : RHP Aldo Raine
Batting: RHB Elwiin Stuy 0-0: Foul Ball, location: 2F
0-1: Ball
1-1: Swinging Strike
1-2: Ball
2-2: Ground out 6-3 (Groundball, 6)
Batting: RHB Ralph Sands 0-0: Called Strike
0-1: SINGLE (Flyball, 7LS)
Batting: LHB Robby Young 0-0: Hit by Pitch
Ralph Sands to second
Batting: LHB Mo-ruo Teoh 0-0: Ball
1-0: Ball
2-0: Ball
3-0: Called Strike
3-1: Swinging Strike
3-2: Fly out, F9 (Flyball, 89S)
Batting: RHB José Ortíz 0-0: Ball
1-0: Ball
2-0: Ball
3-0: Base on Balls
Ralph Sands to third
Robby Young to second
Batting: RHB Lynwood Dimartínez 0-0: Called Strike
0-1: Swinging Strike
0-2: Foul Ball, location: 2F
0-2: Strikes out swinging
Top of the 4th over - 0 runs, 1 hit, 0 errors, 3 left on base; Grand Forks 0 - Bellevue 1
BOTTOM OF THE 4TH
Bellevue Bruins batting - Pitching for Grand Forks Caterpillars : RHP Yodo Takano
Batting: LHB Spencer Powell 0-0: Ball
1-0: Ball
2-0: Ball
3-0: Called Strike
3-1: Base on Balls
Batting: SHB Julián Valentín 0-0: Ball
1-0: Fly out, F9 (Flyball, 89S)
Batting: RHB Ryan Faulkner 0-0: Fly out, F7 (Flyball, 7)
Batting: LHB José Vázquez 0-0: Foul Ball, location: 2F
0-1: Ball
1-1: Ball
2-1: SINGLE (Groundball, 4MD)
Spencer Powell to second
Batting: SHB Jin-yong Ch'oe 0-0: Swinging Strike
0-1: Foul Ball, location: 2F
0-2: Ball
1-2: Strikes out swinging
Bottom of the 4th over - 0 runs, 1 hit, 0 errors, 2 left on base; Grand Forks 0 - Bellevue 1
TOP OF THE 5TH
Grand Forks Caterpillars batting - Pitching for Bellevue Bruins : RHP Aldo Raine
Batting: RHB Patrick Pupovac 0-0: Ball
1-0: Called Strike
1-1: Foul Ball, location: 2F
1-2: Strikes out swinging
Batting: RHB Xiong Phan 0-0: Ground out 2-3 (Groundball, 2R)
Batting: RHB Rio Clark 0-0: Foul Ball, location: 2F
0-1: Ball
1-1: Called Strike
1-2: Ground out 5-3 (Groundball, 5)
Top of the 5th over - 0 runs, 0 hits, 0 errors, 0 left on base; Grand Forks 0 - Bellevue 1
BOTTOM OF THE 5TH
Bellevue Bruins batting - Pitching for Grand Forks Caterpillars : RHP Yodo Takano
Batting: RHB Edgar Rogers 0-0: Ball
1-0: Foul Ball, location: 2F
1-1: Ball
2-1: Foul Ball, location: 2F
2-2: Foul Ball, location: 2F
2-2: Foul Ball, location: 2F
2-2: Ball
3-2: Strikes out looking
Batting: RHB Mark Merry 0-0: Ball
1-0: Foul Ball, location: 2F
1-1: Swinging Strike
1-2: Fly out, F9 (Flyball, 9D)
Batting: RHB Félix Sánchez 0-0: Called Strike
0-1: Ball
1-1: Ball
2-1: Fly out, F7 (Flyball, 7D)
Bottom of the 5th over - 0 runs, 0 hits, 0 errors, 0 left on base; Grand Forks 0 - Bellevue 1
TOP OF THE 6TH
Grand Forks Caterpillars batting - Pitching for Bellevue Bruins : RHP Aldo Raine
Batting: RHB Elwiin Stuy 0-0: Swinging Strike
0-1: Ball
1-1: Called Strike
1-2: Foul Ball, location: 2F
1-2: Ball
2-2: Strikes out swinging
Batting: RHB Ralph Sands 0-0: Ball
1-0: Ball
2-0: Swinging Strike
2-1: Foul Ball, location: 2F
2-2: Ground out 6-3 (Groundball, 6M)
Batting: LHB Robby Young 0-0: Ball
1-0: Ball
2-0: Fly out, F7 (Flyball, 78S)
Top of the 6th over - 0 runs, 0 hits, 0 errors, 0 left on base; Grand Forks 0 - Bellevue 1
BOTTOM OF THE 6TH
Bellevue Bruins batting - Pitching for Grand Forks Caterpillars : RHP Yodo Takano
Batting: RHB Oki Hai 0-0: Ball
1-0: Ground out 5-3 (Groundball, 5S)
Batting: LHB Spencer Powell 0-0: Called Strike
0-1: Called Strike
0-2: Ball
1-2: Foul Ball, location: 2F
1-2: Ground out 1-3 (Groundball, 13S)
Batting: SHB Julián Valentín 0-0: Ball
1-0: Swinging Strike
1-1: Called Strike
1-2: Strikes out looking
Bottom of the 6th over - 0 runs, 0 hits, 0 errors, 0 left on base; Grand Forks 0 - Bellevue 1
TOP OF THE 7TH
Grand Forks Caterpillars batting - Pitching for Bellevue Bruins : RHP Aldo Raine
Batting: LHB Mo-ruo Teoh 0-0: Ground out 4-3 (Groundball, 34)
Batting: RHB José Ortíz 0-0: Ball
1-0: Fly out, F8 (Flyball, 8RS)
Batting: RHB Lynwood Dimartínez 0-0: Fly out, F3 (Line Drive, 4S)
Top of the 7th over - 0 runs, 0 hits, 0 errors, 0 left on base; Grand Forks 0 - Bellevue 1
BOTTOM OF THE 7TH
Bellevue Bruins batting - Pitching for Grand Forks Caterpillars : RHP Yodo Takano
Pitching: LHP Taylor Geldard
Batting: RHB Ryan Faulkner 0-0: Called Strike
0-1: Foul Ball, location: 2F
0-2: Ball
1-2: Ball
2-2: Ball
3-2: Foul Ball, location: 2F
3-2: Ground out 6-3 (Groundball, 6S)
Batting: LHB José Vázquez 0-0: Ground out 5-3 (Groundball, 5)
Batting: SHB Jin-yong Ch'oe 0-0: Ball
1-0: Ground out 6-3 (Groundball, 6)
Bottom of the 7th over - 0 runs, 0 hits, 0 errors, 0 left on base; Grand Forks 0 - Bellevue 1
TOP OF THE 8TH
Grand Forks Caterpillars batting - Pitching for Bellevue Bruins : RHP Aldo Raine
Batting: RHB Patrick Pupovac 0-0: Foul Ball, location: 2F
0-1: Ball
1-1: Ball
2-1: Ball
3-1: Base on Balls
Batting: RHB Xiong Phan 0-0: Called Strike
0-1: Grounds into double play, 5-4-3 (Groundball, 56)
Batting: RHB Rio Clark 0-0: Ball
1-0: Called Strike
1-1: Ball
2-1: Foul Ball, location: 2F
2-2: Ground out 6-3 (Groundball, 6)
Top of the 8th over - 0 runs, 0 hits, 0 errors, 0 left on base; Grand Forks 0 - Bellevue 1
BOTTOM OF THE 8TH
Bellevue Bruins batting - Pitching for Grand Forks Caterpillars : LHP Taylor Geldard
Batting: RHB Edgar Rogers 0-0: Ball
1-0: Called Strike
1-1: Called Strike
1-2: Ball
2-2: Foul Ball, location: 2F
2-2: Fly out, F6 (Line Drive, 56)
Batting: RHB Mark Merry 0-0: Ground out 5-3 (Groundball, 5S)
Batting: RHB Félix Sánchez 0-0: Fly out, F8 (Flyball, 8RM)
Bottom of the 8th over - 0 runs, 0 hits, 0 errors, 0 left on base; Grand Forks 0 - Bellevue 1
TOP OF THE 9TH
Grand Forks Caterpillars batting - Pitching for Bellevue Bruins : RHP Aldo Raine
Pinch Hitting: RHB Luis Álvarez 0-0: Swinging Strike
0-1: Foul Ball, location: 2F
0-2: Strikes out swinging
Batting: RHB Ralph Sands 0-0: Ball
1-0: Called Strike
1-1: Ball
2-1: Ground out 5-3 (Groundball, 56S)
Batting: LHB Robby Young 0-0: Hit by Pitch
Batting: LHB Mo-ruo Teoh 0-0: Swinging Strike
0-1: Ball
1-1: Foul Ball, location: 2F
1-2: Ball
2-2: Ball
3-2: Foul Ball, location: 2F
3-2: Fly out, F9 (Flyball, 9D)
Top of the 9th over - 0 runs, 0 hits, 0 errors, 1 left on base; Grand Forks 0 - Bellevue 1
Wednesday, September 19th, 2018 - OOTP Baseball 18.8 Build 76